 Dungeon Crawl Stone Soup version 0.31-a0-214-gb37851dbb3 (webtiles) character file.

Game seed: 5905972651585213830

3679 qw the Skirmisher (level 10, -4/64 HPs)
             Began as a Gargoyle Hexslinger on July 1, 2023.
             Was a Priest of Okawaru.
             Killed from afar by Amaemon (7 damage)
             ... with a bolt of acid
             ... on level 8 of the Dungeon.
             The game lasted 00:03:25 (7149 turns).

qw the Skirmisher (Gargoyle Hexslinger)             Turns: 7149, Time: 00:03:25

Health: -4/64      AC: 14    Str: 13    XL:     10   Next: 13%
Magic:  12/13      EV: 14    Int: 13    God:    Okawaru [***...]
Gold:   329        SH:  0    Dex: 16    Spells: 10/11 levels left

rFire   . . .        Y - +2 sling
rCold   . . .        (no shield)
rNeg    + . .        f - +0 ring mail
rPois   inf          a - +2 helmet
rElec   +            (no cloak)
rCorr   .            (no gloves)
SInv    .            q - +0 pair of boots
Will    .....        m - amulet of faith
Stlth   ++           (no ring)
HPRegen 0.30/turn    (no ring)
MPRegen 0.13/turn

%: faith
@: heroic, corroded
A: sickness immunity, AC +7, negative energy resistance 1, electricity
resistance, torment resistance 1, petrification resistance
a: Renounce Religion, Heroism


You were on level 8 of the Dungeon.
You worshipped Okawaru.
Okawaru was most pleased with you.
You visited 2 branches of the dungeon, and saw 9 of its levels.

You collected 419 gold pieces.
You spent 90 gold pieces at shops.


Innate Abilities, Weirdness & Mutations

You are immune to sickness and miasma.
Your stone body is resilient. (AC +7)
You are immune to poison.
You resist negative energy. (rN+)
You are resistant to electric shocks. (rElec)
You are resistant to unholy torment.
You are immune to petrification.


   Skills:
 + Level 7.7(12.7) Fighting
 - Level 11.0(16.0) Ranged Weapons
 - Level 3.0(8.0) Armour
 - Level 3.0(8.0) Dodging
 - Level 1.0 Spellcasting
 - Level 2.6 Hexes
 - Level 4.3 Invocations


You had 10 spell levels left.
You knew the following spells:

 Your Spells              Type           Power      Damage    Failure   Level
a - Slow                  Hex            28%        N/A       19%         1

Your spell library contained the following spells:

 Spells                   Type           Power      Damage    Failure   Level
 Inner Flame              Hex/Fire       4%         N/A       67%         3
 Portal Projectile        Hex/Tloc       8%         N/A       67%         3
 Cause Fear               Hex            3%         N/A       87%         4

Inventory:

Hand Weapons
 Y - a +2 sling (weapon)
Armour
 a - a +2 helmet (worn)
 f - a +0 ring mail (worn)
 q - a +0 pair of boots (worn)
Jewellery
 e - an amulet of regeneration
 h - a ring of ice
 m - an amulet of faith (around neck)
Wands
 k - a wand of digging (4)
Scrolls
 b - a scroll of identify
Potions
 c - 3 potions of curing
 d - 2 potions of haste
 g - a potion of mutation
 i - 2 potions of invisibility {unknown}
 j - a potion of might {unknown}
 l - a potion of magic {unknown}
 n - a potion of enlightenment

Dungeon Overview and Level Annotations

Branches:
Dungeon (8/15)             Temple (1/1) D:4
   Lair: D:8-11

Altars:
Ashenzari
Cheibriados
Dithmenos
Elyvilon
Fedhas
Gozag
Hepliaklqana
Kikubaaqudgha
Makhleb
Nemelex Xobeh
Okawaru
Qazlal
Ru
Sif Muna
Trog
Vehumet
Wu Jian
Xom
Yredelemnul
Zin
The Shining One

Shops:
D:3 ?

Annotations:
D:4 1 runed translucent door, Crazy Yiuf
D:5 3 runed translucent doors, qw's ghost, amateur GrFi; qw's ghost, novice GrFi
D:8 Amaemon


Message History

The sling bullet closely misses Amaemon.
The sling bullet hits the orange demon.
The orange demon is lightly wounded.
Amaemon hits you with a +0 demon whip of venom!
Amaemon claws you but does no damage. Amaemon closely misses you.
The orange demon misses you.
You shoot a sling bullet.
The sling bullet closely misses Amaemon.
The sling bullet hits the orange demon!
The orange demon is moderately wounded.
The scorpion stings you but does no damage.
Amaemon zaps a wand.
The bolt of acid hits you. The acid corrodes you!
The orange demon stings you from afar!
You shoot a sling bullet. The sling bullet hits Amaemon!
Amaemon is heavily wounded.
The scorpion stings you.
Amaemon points at the scorpion and mumbles some strange words.
The scorpion seems to grow toxic.
The orange demon stings you but does no damage.
You shoot a sling bullet. The sling bullet hits Amaemon.
Amaemon is severely wounded.
The scorpion barely misses you.
You shoot a sling bullet. The sling bullet barely misses Amaemon.
The sling bullet hits the orange demon but does no damage.
The orange demon is moderately wounded.
The scorpion barely misses you. Amaemon barely misses you. Amaemon claws you.
Amaemon tail-slaps you.
The orange demon stings you but does no damage.
You shoot a sling bullet. The sling bullet hits Amaemon.
Amaemon is severely wounded.
The scorpion stings you but does no damage.
Amaemon hits you with a +0 demon whip of venom.
Amaemon claws you.
Amaemon tail-slaps you but does no damage.
The orange demon closely misses you.
You shoot a sling bullet. The sling bullet hits Amaemon.
Amaemon is severely wounded.
The scorpion stings you but does no damage.
Amaemon zaps a wand.
The bolt of acid hits you!
You die...

.....%...8....#
###<#.........#
#.##.......##
#......_...#
######.....##
###....##
#.###.## ..##
##.#### ##.
#s@..# #.
##6##.# ## #4##
# #...KO#
#K###.# #6# ...
... #.#


You could see Amaemon, a two-headed ogre, an orange demon (curare), a scorpion
(summoned, curare) and a kobold.

Vanquished Creatures
  Pikel (D:7)
  Joseph (D:7)
  Prince Ribbit (D:7)
  Sigmund (D:4)
  A wyvern (D:6)
  A water moccasin (D:6)
  3 sky beasts
  An orc warrior (D:7)
  An ice beast (D:5)
  2 black bears
  4 ogres
  A phantom (D:5)
  A lemure (D:7)
  A kobold brigand (D:8)
  A bullfrog (D:8)
  3 scorpions
  4 howler monkeys
  3 quasits (D:4)
  A jelly (D:5)
  3 hounds
  3 orc priests
  A gnoll bouda (D:6)
  3 orc wizards
  Ijyb (D:5)
  3 iguanas
  Robin (D:3)
  10 adders
  A river rat (D:5)
  3 shadow imps
  4 white imps
  2 ufetubi (D:4)
  5 worms
  2 dart slugs (D:1)
  19 orcs
  3 bats
  4 endoplasms
  5 giant cockroaches
  9 goblins
  7 hobgoblins
  2 jackals (D:2)
  A quokka (D:2)
  6 ball pythons
  2 frilled lizards (D:1)
  11 kobolds
  6 rats
149 creatures vanquished.

Notes
Turn   | Place    | Note
-------+----------+-------------------------------------------
     0 | D:1      | qw the Gargoyle Hexslinger began the quest for the Orb.
     0 | D:1      | Reached XP level 1. HP: 12/12 MP: 2/2
     0 | D:1      | 0 ||| qw: Version: 0.3-a-32-g5962c71
     0 | D:1      | 0 ||| qw: Game counter: 7617
     0 | D:1      | 0 ||| qw: Melee chars always use a shield: true
     0 | D:1      | 0 ||| qw: God list: Okawaru
     0 | D:1      | 0 ||| qw: Allow faded altars: false
     0 | D:1      | 0 ||| qw: Do Orc after clearing Dungeon:15 true
     0 | D:1      | 0 ||| qw: Do second Lair branch before Depths: true
     0 | D:1      | 0 ||| qw: Lair rune preference: random
     0 | D:1      | 0 ||| qw: Goals: Normal
     0 | D:1      | 0 ||| PLANNING D:1-11
    69 | D:1      | Reached XP level 2. HP: 16/16 MP: 3/3
   167 | D:1      | Reached skill level 3 in Ranged Weapons
   713 | D:1      | 713 ||| READING 2 scrolls labelled LYON BEMADIJA.
   717 | D:1      | 717 ||| READING scroll labelled CUVYOTIHOX.
   718 | D:1      | 718 ||| READING scroll labelled EQUOGEIK JEOT.
   719 | D:1      | 719 ||| READING scroll labelled XOUQAT GIARHIO.
   720 | D:1      | 720 ||| READING scroll labelled FUIL RAIDAOTIX.
   721 | D:1      | 721 ||| DROPPING scroll of poison.
   750 | D:2      | 750 ||| STAIRDANCE
   757 | D:1      | Reached XP level 3. HP: 18/21 MP: 4/4
   904 | D:2      | Found a faded altar of an unknown god.
  1200 | D:2      | Reached XP level 4. HP: 26/26 MP: 5/5
  1511 | D:2      | 1511 ||| UPGRADING to +0 ring mail.
  1521 | D:2      | 1521 ||| DROPPING +0 robe.
  1522 | D:2      | 1522 ||| DROPPING ring of flight.
  1523 | D:2      | 1523 ||| READING 2 scrolls labelled VYHIMA QARACEIST.
  1524 | D:2      | 1524 ||| DRINKING 2 clear potions.
  1525 | D:2      | 1525 ||| READING 2 scrolls of identify.
  1525 | D:2      | 1525 ||| IDENTIFYING sedimented cyan potion
  1526 | D:2      | 1526 ||| DROPPING scroll of summoning.
  1566 | D:3      | Reached skill level 4 in Ranged Weapons
  1608 | D:3      | Reached skill level 1 in Armour
  1640 | D:3      | 1640 ||| FLEEEEING.
  1645 | D:3      | 1645 ||| FLEEEEING.
  1648 | D:3      | 1648 ||| FLEEEEING.
  1649 | D:3      | 1649 ||| FLEEEEING.
  1650 | D:3      | 1650 ||| FLEEEEING.
  1659 | D:3      | Reached XP level 5. HP: 13/30 MP: 6/6
  1745 | D:3      | Found Gococenu's Magic Scroll Shop.
  1774 | D:3      | 1774 ||| BUYING scroll of enchant weapon (90 gold).
  1774 | D:3      | Bought a scroll of enchant weapon for 90 gold pieces
  1774 | D:3      | 1774 ||| SHOPLISTING scroll of identify (24 gold, have 19).
  1774 | D:3      | 1774 ||| SHOPLISTING scroll of teleportation (36 gold, have
                  | 19).
  1774 | D:3      | 1774 ||| READING scroll of enchant weapon.
  1774 | D:3      | 1774 ||| ENCHANTING +1 sling.
  1916 | D:3      | Reached skill level 5 in Ranged Weapons
  1941 | D:3      | Found an ornate altar of the Wu Jian Council.
  2194 | D:3      | 2194 ||| READING 2 scrolls of identify.
  2194 | D:3      | 2194 ||| IDENTIFYING pink potion
  2216 | D:4      | Noticed Robin
  2221 | D:4      | 2221 ||| STAIRDANCE
  2244 | D:3      | HP: 6/31 [goblin/+0 dagger[Robin] (3)]
  2245 | D:3      | 2245 ||| READING scroll of teleportation.
  2246 | D:3      | 2246 ||| DRINKING potion of heal wounds.
  2267 | D:4      | 2267 ||| STAIRDANCE
  2272 | D:3      | Killed Robin
  2298 | D:3      | 2298 ||| FLEEEEING.
  2311 | D:3      | 2311 ||| FLEEEEING.
  2312 | D:3      | 2312 ||| FLEEEEING.
  2313 | D:3      | 2313 ||| FLEEEEING.
  2314 | D:3      | 2314 ||| FLEEEEING.
  2315 | D:3      | 2315 ||| FLEEEEING.
  2316 | D:3      | 2316 ||| FLEEEEING.
  2317 | D:3      | 2317 ||| FLEEEEING.
  2318 | D:3      | 2318 ||| FLEEEEING.
  2319 | D:3      | 2319 ||| FLEEEEING.
  2320 | D:3      | 2320 ||| FLEEEEING.
  2321 | D:3      | 2321 ||| FLEEEEING.
  2322 | D:3      | 2322 ||| FLEEEEING.
  2323 | D:3      | 2323 ||| FLEEEEING.
  2327 | D:3      | 2327 ||| STAIRDANCE
  2400 | D:3      | 2400 ||| UPGRADING to +2 helmet.
  2555 | D:4      | Reached skill level 3 in Fighting
  2555 | D:4      | Reached XP level 6. HP: 23/37 MP: 7/7
  2821 | D:4      | Found a staircase to the Ecumenical Temple.
  2822 | D:4      | 2822 ||| PLANNING TEMPLE
  2822 | D:4      | 2822 ||| READING scroll labelled TYECOK VIPNIEPH.
  2831 | Temple   | Entered the Ecumenical Temple
  2904 | Temple   | 2904 ||| PLANNING OKAWARU WORSHIP
  3130 | Temple   | Became a worshipper of Warmaster Okawaru
  3131 | Temple   | 3131 ||| PLANNING D:1-11
  3300 | D:4      | Noticed Sigmund
  3309 | D:4      | 3309 ||| DRINKING potion of curing.
  3309 | D:4      | 3309 ||| (to cure confusion)
  3317 | D:4      | Killed Sigmund
  3318 | D:4      | Reached skill level 6 in Ranged Weapons
  3318 | D:4      | Reached XP level 7. HP: 32/41 MP: 8/8
  3576 | D:4      | Found a runed translucent door.
  3577 | D:4      | Noticed Crazy Yiuf
  3867 | D:4      | 3867 ||| DROPPING amulet of magic regeneration.
  3868 | D:4      | 3868 ||| DRINKING 2 black potions.
  3869 | D:4      | 3869 ||| READING 2 scrolls of identify.
  3869 | D:4      | 3869 ||| IDENTIFYING sedimented red potion
  3870 | D:4      | 3870 ||| DROPPING potion of berserk rage.
  3871 | D:4      | 3871 ||| DROPPING potion of degeneration.
  3919 | D:5      | Entered Level 5 of the Dungeon
  3920 | D:5      | 3920 ||| PLANNING SEWER
  4000 | D:5      | Found a runed translucent gate.
  4001 | D:5      | Found a runed translucent gate.
  4001 | D:5      | Found a runed translucent gate.
  4002 | D:5      | Noticed qw's ghost (amateur GrFi)
  4003 | D:5      | Noticed qw's ghost (novice GrFi)
  4225 | D:5      | Reached skill level 7 in Ranged Weapons
  4309 | D:5      | Noticed Ijyb
  4328 | D:5      | Killed Ijyb
  4556 | D:5      | 4556 ||| RIP SEWER
  4568 | D:5      | 4568 ||| PLANNING D:1-11
  4582 | D:5      | Reached * piety under Okawaru
  4583 | D:5      | Reached skill level 8 in Ranged Weapons
  4583 | D:5      | Reached XP level 8. HP: 15/48 MP: 9/9
  4833 | D:5      | Reached skill level 1 in Invocations
  5029 | D:5      | Found a hazy altar of Hepliaklqana.
  5116 | D:5      | 5116 ||| UPGRADING to amulet of regeneration.
  5121 | D:5      | 5121 ||| READING 2 scrolls of identify.
  5121 | D:5      | 5121 ||| IDENTIFYING brown potion
  5194 | D:6      | 5194 ||| INVOKING Heroism.
  5206 | D:6      | 5206 ||| INVOKING Heroism.
  5214 | D:6      | Reached skill level 3 in Invocations
  5264 | D:6      | 5264 ||| INVOKING Heroism.
  5315 | D:6      | 5315 ||| INVOKING Heroism.
  5380 | D:6      | 5380 ||| INVOKING Heroism.
  5407 | D:6      | 5407 ||| INVOKING Heroism.
  5452 | D:6      | Reached skill level 9 in Ranged Weapons
  5523 | D:6      | Noticed a wyvern
  5533 | D:6      | 5533 ||| INVOKING Heroism.
  5543 | D:6      | Killed a wyvern
  5544 | D:6      | Reached XP level 9. HP: 18/54 MP: 9/12
  5600 | D:6      | 5600 ||| INVOKING Heroism.
  5691 | D:6      | Reached skill level 6 in Fighting
  6058 | D:6      | 6058 ||| UPGRADING to amulet of faith.
  6068 | D:6      | 6068 ||| READING scroll labelled QAURACZ ECATE.
  6096 | D:7      | Noticed Prince Ribbit
  6097 | D:7      | 6097 ||| INVOKING Heroism.
  6117 | D:7      | 6117 ||| STAIRDANCE
  6191 | D:7      | 6191 ||| INVOKING Heroism.
  6210 | D:7      | Killed Prince Ribbit
  6210 | D:7      | Reached ** piety under Okawaru
  6261 | D:7      | Noticed Pikel
  6262 | D:7      | 6262 ||| INVOKING Heroism.
  6284 | D:7      | Killed Pikel
  6285 | D:7      | Reached skill level 10 in Ranged Weapons
  6285 | D:7      | 6285 ||| INVOKING Heroism.
  6460 | D:7      | Noticed Joseph
  6470 | D:7      | 6470 ||| INVOKING Heroism.
  6476 | D:7      | Killed Joseph
  6476 | D:7      | Reached *** piety under Okawaru
  6612 | D:7      | 6612 ||| INVOKING Heroism.
  6623 | D:7      | Reached XP level 10. HP: 59/64 MP: 11/13
  6891 | D:7      | Reached skill level 11 in Ranged Weapons
  7007 | D:7      | 7007 ||| UPGRADING to +0 pair of boots.
  7012 | D:7      | 7012 ||| READING scroll labelled KINOIC WOYCYUTH.
  7013 | D:7      | 7013 ||| READING scroll labelled FEHEHE KARUA.
  7014 | D:7      | 7014 ||| DRINKING 2 golden potions.
  7015 | D:7      | 7015 ||| READING 2 scrolls of identify.
  7015 | D:7      | 7015 ||| IDENTIFYING cyan potion
  7016 | D:7      | 7016 ||| DROPPING potion of lignification.
  7045 | D:8      | Found a shadowy altar of Dithmenos.
  7046 | D:8      | Found a glowing silver altar of Zin.
  7065 | D:8      | Reached skill level 3 in Armour
  7110 | D:8      | Noticed an orange demon
  7113 | D:8      | 7113 ||| Stepping ~*~*~tactically~*~*~ (outnumbered).
  7120 | D:8      | Noticed Amaemon
  7121 | D:8      | 7121 ||| INVOKING Heroism.
  7123 | D:8      | 7123 ||| Stepping ~*~*~tactically~*~*~ (outnumbered).
  7130 | D:8      | Noticed a two-headed ogre
  7132 | D:8      | Reached skill level 3 in Dodging
  7136 | D:8      | 7136 ||| INVOKING Heroism.
  7144 | D:8      | HP: 14/64 [orange demon[Amaemon] (11)]
  7148 | D:8      | HP: 3/64 [Amaemon/+0 demon whip of venom (4)]
  7149 | D:8      | Killed from afar by Amaemon

Levels and vault maps discovered:
D:1:      erik_arrival_blinker_ship, layout_basic, serial_forest,
          infiniplex_forest_end_2, infiniplex_forest_lined_2,
          infiniplex_forest_straight_2, infiniplex_forest_lined_2,
          infiniplex_forest_clump_medium, infiniplex_forest_end_2,
          infiniplex_forest_clump_small
D:2:      layout_loops_ring, chequers_ecumenical_altar_simple
D:3:      layout_basic, pdpol_wu_jian_five_deadly_venoms, serial_shops,
          nicolae_diamond_shop
D:4:      layout_cave_pods, minmay_temple_entry_mist, serial_demonic,
          serial_demonic_d, serial_demonic_c, serial_demonic_f,
          serial_demonic_f, uniq_robin, uniq_crazy_yiuf_cottage, uniq_sigmund
D:5:      layout_basic, lemuel_coloured_pillars_altar, gup_sewer_entry_bubbles,
          gammafunk_ghost_cemetery, uniq_ijyb
D:6:      layout_cave_pods, st_stairs_10
D:7:      layout_cave_pools, uniq_joseph, uniq_pikel, uniq_prince_ribbit1
D:8:      layout_loops_ring, grunt_temple_overflow_open, uniq_amaemon
Temple:   minmay_temple_bridge_d

Skill      XL: |  1  2  3  4  5  6  7  8  9 10 |
---------------+-------------------------------+-----
Ranged Weapons | 3 4 5 6 8 9 10 11 | 11.0
Fighting       | 2 3 4 5 7 |  7.7
Armour         | 1 2 3 |  3.0
Invocations    | 4 |  4.3
Dodging        | 2 3 |  3.0
Spellcasting   | |  1.0
Hexes          | |  2.6

Action                     |  1- 3 |  4- 6 |  7- 9 | 10-12 || total
---------------------------+-------+-------+-------+-------++-------
   Fire: Sling             |   133 |   215 |   437 |   115 ||   900
 Invoke: Heroism           |       |       |    14 |     2 ||    16
    Use: Scroll            |     5 |     6 |     3 |     3 ||    17
         Potion            |       |     3 |     1 |     1 ||     5
 Armour: Robe              |    30 |       |       |       ||    30
         Ring mail         |       |   173 |   145 |    50 ||   368
  Dodge: Dodged            |    47 |   181 |   148 |    45 ||   421

Table legend:
 A = Non-vault XP
 B = Vault XP
 C = Vault XP percentage of total XP
 D = Non-vault monster count
 E = Vault monster count
 F = Vault count percentage of total count
                 A         B        C        D         E       F
            +---------+---------+-------+---------+---------+-------
      Total |    3180 |    2077 |  39.5 |     116 |      32 |  21.6
            +---------+---------+-------+---------+---------+-------
        D:1 |      37 |       0 |   0.0 |      15 |       0 |   0.0
        D:2 |      53 |       0 |   0.0 |      15 |       0 |   0.0
        D:3 |     140 |      30 |  17.6 |      22 |       9 |  29.0
        D:4 |      66 |     405 |  86.0 |       9 |      11 |  55.0
        D:5 |     650 |      71 |   9.8 |      10 |       6 |  37.5
        D:6 |    1222 |     211 |  14.7 |      15 |       3 |  16.7
        D:7 |     589 |    1360 |  69.8 |      21 |       3 |  12.5
        D:8 |     423 |       0 |   0.0 |       9 |       0 |   0.0
            +---------+---------+-------+---------+---------+-------
